 Dungeon Crawl Stone Soup version 0.27-a0-1456-gf5a116941d (webtiles) character file.

Game seed: 3834335927540690666

67 Exaltedone87 the Slasher (level 3, 0/28 HPs)
             Began as a Demonspawn Gladiator on July 6, 2021.
             Slain by a worm (6 damage)
             ... on level 2 of the Dungeon.
             The game lasted 00:02:17 (1914 turns).

Exaltedone87 the Slasher (Demonspawn Gladiator)     Turns: 1914, Time: 00:02:17

Health: 0/28       AC:  5    Str: 14    XL:     3   Next: 98%
Magic:  3/3        EV: 12    Int:  9    God:
Gold:   79         SH:  0    Dex: 15    Spells: 2/2 levels left

rFire    . . .     SeeInvis .   a - +2 long sword
rCold    . . .     Faith    .   (no shield)
rNeg     . . .     Spirit   .   b - +0 leather armour
rPois    .         Reflect  .   c - +0 helmet
rElec    .         Harm     .   (no cloak)
rCorr    .         Rampage  .   (no gloves)
Will     .....                  (no boots)
Stlth    +.........             (no amulet)
HPRegen  0.09/turn              (no ring)
MPRegen  0.08/turn              (no ring)

@: no status effects
A: claws 1, rugged brown scales 1
a: no special abilities


You were on level 2 of the Dungeon.
You visited 1 branch of the dungeon, and saw 2 of its levels.

You collected 79 gold pieces.

Inventory:

Hand Weapons
 a - a +2 long sword (weapon)
Missiles
 d - 3 throwing nets
 h - 5 datura-tipped darts (quivered)
Armour
 b - a +0 leather armour (worn)
 c - a +0 helmet (worn)
Scrolls
 g - a scroll of teleportation {unknown}
Potions
 e - a potion of ambrosia
 f - a potion of lignification {unknown}


   Skills:
 + Level 2.6 Fighting
 * Level 3.5 Long Blades
 + Level 2.3 Throwing
 + Level 3.1 Dodging


You had 2 spell levels left.
You didn't know any spells.
Your spell library was empty.

Dungeon Overview and Level Annotations

Branches:
Dungeon (2/15)

Altars:


Innate Abilities, Weirdness & Mutations

You have sharp fingernails.
You are partially covered in rugged brown scales. (AC +1, +3% HP)


Message History

The worm is no longer moving quickly.
The worm no longer looks unusually strong.
The worm is no longer in an insane frenzy.
You hit the worm.
The worm is lightly wounded.
The worm barely misses you.
You riposte.
You hit the worm.
The worm is moderately wounded.
You barely miss the worm.
The worm is moderately wounded.
You barely miss the worm.
The worm is moderately wounded.
The hobgoblin misses you.
You riposte.
You closely miss the hobgoblin. The worm bites you!
You hit the worm.
The worm is moderately wounded.
The hobgoblin misses you.
You hit the worm.
The worm is heavily wounded.
The hobgoblin misses you.
You riposte.
You hit the hobgoblin.
The hobgoblin is severely wounded.
The worm bites you.
* * * LOW HITPOINT WARNING * * *
Unknown command.
You hit the worm.
The worm is heavily wounded.
The hobgoblin hits you.
* * * LOW HITPOINT WARNING * * *
You hit the hobgoblin but do no damage.
The hobgoblin is severely wounded.
The hobgoblin closely misses you. The worm barely misses you.
The hobgoblin hits you but does no damage.
Unknown command.
You completely miss the hobgoblin.
The hobgoblin is severely wounded.
The hobgoblin hits you but does no damage.
Unknown command.
You hit the hobgoblin.
You kill the hobgoblin!
The worm bites you.
You die...

...#....####.....#
#### #....#
###...#
#....#######..#
##........##..#
#...#....###.#
#...#.g..# #.#
##..##...# #.#
#..####.###.#
##...@w.....###
##...[.....).#
###.......#.# .#
#.. ####....#รท#
... #..## ####.#.#
....#...#
###...#.# ..#...#
##.....#.#
.....###......#.#
#....##..###.#.#


You could see a worm (slow).

Vanquished Creatures
  An adder (D:2)
  A gnoll (D:1)
  2 bats
  9 endoplasms
  3 giant cockroaches
  5 goblins (D:1)
  4 hobgoblins
  2 jackals (D:2)
  4 kobolds
  2 quokkas
  5 ball pythons
  A frilled lizard (D:1)
  5 rats
44 creatures vanquished.

Vanquished Creatures (collateral kills)
  A kobold (D:2)
1 creature vanquished.

Grand Total: 45 creatures vanquished

Notes
Turn   | Place    | Note
-------+----------+-------------------------------------------
     0 | D:1      | Exaltedone87 the Demonspawn Gladiator began the quest for
                  | the Orb.
     0 | D:1      | Reached XP level 1. HP: 16/16 MP: 1/1
   177 | D:1      | Gained mutation: You are partially covered in rugged brown
                  | scales. (AC +1, +3% HP) [demonic ancestry]
   177 | D:1      | Reached XP level 2. HP: 3/22 MP: 2/2
   863 | D:1      | Gained mutation: You have sharp fingernails. [demonic
                  | ancestry]
   863 | D:1      | Reached XP level 3. HP: 28/28 MP: 3/3
  1914 | D:2      | Slain by a worm

Illustrated notes

Levels and vault maps discovered:
D:1:      saegor_arrival_simple_b, layout_rooms, serial_bayou_pond_d,
          minivault_5
D:2:      minmay_recursive_quarters, layout_basic

Skill      XL: |  1  2  3 |
---------------+----------+-----
Long Blades    | 3 |  3.5
Throwing       | 2 |  2.3
Dodging        | 3 |  3.1
Fighting       | |  2.6

Action                   || total
-------------------------++-------
Melee: Long sword        ||   109
Throw: Dart              ||     2
  Use: Scroll            ||     3
Armor: Leather armour    ||    48
Dodge: Dodged            ||    93
       Rpst.: Long sword ||    28

Table legend: (Time is in decaauts)
 A = Elapsed time spent in this place.
 B = Non-inter-level travel time spent in this place.
 C = Inter-level travel time spent in this place.
 D = Time resting spent in this place.
 E = Time spent auto-exploring this place.
 F = Levels seen in this place.
 G = Mean time per level.
                   A        B        C        D        E       F      G
               +--------+--------+--------+--------+--------+-----+--------+
         Total |   1939 |   1860 |     79 |    620 |    917 |   2 |  969.5 |
       Dungeon |   1939 |   1860 |     79 |    620 |    917 |   2 |  969.5 |
               +--------+--------+--------+--------+--------+-----+--------+

Top non-repeatable levels by time:
     D:1: 1288 daAuts
     D:2: 650 daAuts
